Map: [ESL] Oceanborn

Players

Astrea

  • Race: Protoss Protoss
  • Spawn Location: 5:00

ByuN - Winner!

  • Race: Terran Terran
  • Spawn Location: 11:00

Event: IEM Katowice 2024

VOD

Have the link to the VOD?

Description

Time

  • Played on: Feb. 8, 2024, 11:02 a.m.
  • Length: 11:25

All games in this series

Show
View Real Time Build Order
Export as new Build Order

Astrea Protoss 

Build Orders: 1 Gate Expand, Zealot Archon 

Get SALT Encoding   

  12  0:00  Probe  
  13  0:12  Probe  
  14  0:17  Pylon  
  14  0:24  Probe (Chrono Boost)  
  15  0:36  Gateway, Probe (Chrono Boost)  
  16  0:43  Probe (Chrono Boost)  
  16  0:45  Assimilator  
  17  0:51  Probe  
  18  1:03  Probe  
  19  1:15  Probe  
  20  1:24  Cybernetics Core  
  20  1:31  Nexus  
  22  1:44  Pylon  
  22  1:48  Probe  
  22  1:54  Assimilator  
  23  1:57  Stalker (Chrono Boost)  
  23  2:02  Probe  
  23  2:05  Warp Gate  
  24  2:14  Probe  
  25  2:26  Probe  
  26  2:34  Stalker  
  28  2:38  Probe (Chrono Boost)  
  28  2:42  Gateway  
  29  2:48  Probe (Chrono Boost)  
  29  2:50  Probe (Chrono Boost)  
  32  2:58  Probe x2 (Chrono Boost)  
  32  3:02  Robotics Facility  
  32  3:03  Probe (Chrono Boost)  
  32  3:05  Probe (Chrono Boost)  
  36  3:13  Probe  
  36  3:16  Probe, Stalker (Chrono Boost)  
  38  3:25  Pylon, Probe  
  38  3:26  Stalker (Chrono Boost)  
  39  3:29  Probe  
  42  3:37  Probe  
  42  3:40  Pylon  
  42  3:41  Probe  
  44  3:49  Observer, Probe  
  44  3:53  Probe  
  47  3:58  Stalker x2  
  47  4:00  Assimilator  
  47  4:01  Probe  
  52  4:02  Assimilator  
  52  4:05  Probe  
  53  4:14  Probe  
  54  4:17  Probe  
  54  4:18  Twilight Council  
  53  4:26  Probe  
  54  4:35  Probe  
  54  4:38  Probe  
  55  4:40  Stalker  
  55  4:43  Charge (Chrono Boost)  
  53  4:47  Probe  
  53  4:50  Probe  
  55  4:59  Pylon, Probe  
  56  5:02  Probe  
  56  5:03  Templar Archives  
  57  5:11  Observer, Probe  
  58  5:14  Probe  
  58  5:16  Gateway  
  58  5:18  Observer, Gateway  
  58  5:19  Gateway  
  58  5:20  Psionic Storm  
  60  5:24  Probe  
  60  5:27  Zealot x2  
  65  5:32  Pylon  
  63  5:44  Probe  
  63  5:49  High Templar  
  67  5:53  Nexus  
  67  5:55  High Templar  
  68  5:58  Shield Battery  
  68  6:00  Probe  
  68  6:01  Probe  
  70  6:07  Pylon  
  70  6:12  Probe  
  70  6:13  High Templar  
  70  6:16  Zealot x2  
  77  6:21  Probe  
  77  6:23  Pylon  
  78  6:27  Stalker  
  78  6:28  Stalker  
  78  6:30  Probe  
  83  6:37  Probe  
  84  6:40  Zealot  
  84  6:41  Shield Battery  
  84  6:43  Zealot  
  84  6:44  Probe  
  84  6:45  Observer  
  89  6:48  Blink  
  89  6:51  Zealot  
  91  6:57  Warp Prism (Chrono Boost)  
  91  6:59  Probe  
  94  7:04  Probe  
  94  7:06  Probe  
  94  7:11  Probe  
  94  7:13  Pylon, Forge  
  95  7:15  High Templar  
  95  7:16  High Templar  
  95  7:18  Probe x2  
  95  7:22  Archon  
  99  7:24  Zealot  
  99  7:26  Probe  
  101  7:30  Probe  
  101  7:34  Zealot x2  
  101  7:35  Probe (Chrono Boost)  
  91  7:41  Probe (Chrono Boost)  
  93  7:48  Probe (Chrono Boost)  
  93  7:49  Probe (Chrono Boost)  
  93  7:50  Protoss Ground Armor Level 1  
  95  7:52  Probe (Chrono Boost)  
  95  7:54  High Templar, Probe (Chrono Boost)  
  95  7:55  High Templar  
  95  7:56  Probe (Chrono Boost)  
  95  7:57  Probe (Chrono Boost)  
  102  8:01  Zealot  
  102  8:02  Probe  
  105  8:06  Assimilator  
  105  8:07  Assimilator, Probe x2  
  107  8:14  Probe  
  107  8:19  Probe  
  110  8:20  Probe  
  110  8:23  Stargate  
  110  8:25  Shield Battery  
  110  8:26  Probe  
  111  8:28  Protoss Air Weapons Level 1 (Chrono Boost)  
  111  8:29  Zealot x3  
  117  8:38  Stalker  
  117  8:41  Zealot  
  104  8:50  Probe  
  100  8:58  Zealot x3  
  100  9:00  Immortal (Chrono Boost)  
  106  9:08  Stalker x2  
  100  9:17  Archon  
  100  9:19  Stalker x2  
  100  9:20  Stalker  
  106  9:25  Immortal (Chrono Boost)  
  110  9:32  Void Ray (Chrono Boost), Pylon x2  
  110  9:36  High Templar  
  110  9:40  Stalker  
  110  9:44  High Templar  
  110  9:45  High Templar  
  115  9:46  Zealot  
  117  10:03  Immortal (Chrono Boost)  
  117  10:04  Zealot  
  115  10:07  Zealot  
  115  10:10  Zealot  
  117  10:19  Zealot x2  
  111  10:24  Archon  
  111  10:31  Probe  
  111  10:33  Pylon  
  111  10:35  High Templar x2  
  114  10:36  Zealot  
  114  10:37  Immortal (Chrono Boost)  
  114  10:40  Photon Cannon  
  114  10:41  Photon Cannon  
  114  10:42  Pylon  
  121  10:53  Zealot x2  
  119  11:05  Zealot  
  117  11:11  Zealot x2  
  117  11:17  Zealot x2  
Show
View Real Time Build Order
Export as new Build Order

ByuN Terran - Winner!

Build Orders:  

Get SALT Encoding   

  12  0:00  SCV  
  13  0:12  SCV  
  14  0:17  Supply Depot  
  14  0:24  SCV  
  15  0:39  Barracks  
  15  0:41  SCV  
  16  0:45  Refinery  
  16  0:53  SCV  
  16  0:55  Refinery  
  17  1:05  SCV  
  18  1:17  SCV  
  19  1:25  Reaper  
  19  1:29  Orbital Command  
  20  1:42  Factory  
  20  1:53  Supply Depot  
  20  1:55  SCV  
  21  2:07  SCV  
  22  2:21  Command Center  
  22  2:22  SCV  
  23  2:27  Factory Reactor  
  23  2:32  Starport  
  23  2:34  SCV  
  24  2:45  Supply Depot  
  24  2:46  SCV  
  25  2:58  SCV  
  25  3:03  Widow Mine x2  
  25  3:04  Barracks Tech Lab  
  30  3:11  Medivac, SCV  
  33  3:23  SCV  
  33  3:25  Marine, Widow Mine x2  
  39  3:32  Barracks  
  39  3:35  Stimpack, SCV  
  40  3:45  Marine  
  40  3:47  SCV  
  42  3:52  Orbital Command  
  42  3:56  Factory Tech Lab  
  42  3:59  SCV  
  43  4:03  Marine  
  43  4:06  Engineering Bay  
  44  4:11  SCV  
  45  4:21  Barracks  
  45  4:22  SCV  
  46  4:25  SCV  
  45  4:34  SCV  
  45  4:37  SCV  
  45  4:39  Marine x2  
  45  4:40  Marine  
  45  4:44  Terran Infantry Weapons Level 1  
  48  4:46  SCV  
  48  4:48  Bunker  
  48  4:49  SCV  
  48  4:51  Factory Reactor  
  46  4:53  Starport Reactor  
  46  4:56  Supply Depot  
  46  4:58  SCV, Marauder  
  46  4:59  Marine x2  
  51  5:01  SCV  
  51  5:04  Refinery  
  52  5:08  Combat Shield  
  52  5:09  Marauder  
  54  5:18  Supply Depot, Marine x2, SCV x2  
  54  5:20  Concussive Shells  
  58  5:22  Marauder  
  60  5:30  SCV x2  
  62  5:39  Marauder  
  62  5:42  SCV x2  
  65  5:44  Marauder, Marine x2  
  65  5:47  Supply Depot  
  69  5:55  SCV  
  69  5:56  Supply Depot  
  70  5:57  Refinery  
  70  6:08  Widow Mine x2, Medivac  
  70  6:09  Marauder  
  78  6:17  Medivac, Marine x2, SCV x2  
  78  6:18  Supply Depot, Marauder  
  86  6:22  Command Center  
  86  6:40  Widow Mine x2, Marine x2  
  86  6:41  Terran Infantry Armor Level 1, Supply Depot  
  92  6:48  Marauder x2  
  92  6:52  Barracks x2  
  94  6:56  SCV  
  94  7:00  Supply Depot  
  94  7:03  SCV  
  94  7:04  Supply Depot  
  96  7:08  SCV  
  96  7:11  Marine  
  96  7:12  Marauder x2  
  96  7:15  SCV  
  102  7:21  Medivac  
  102  7:23  Ghost Academy  
  102  7:25  Medivac  
  102  7:26  SCV, Widow Mine x2  
  108  7:35  Marine x2, Marauder x2  
  109  7:43  Barracks Reactor, Barracks Tech Lab  
  107  7:45  Orbital Command  
  107  7:46  SCV x2  
  107  7:48  Widow Mine x2  
  113  7:57  Medivac x2  
  117  8:00  Marauder x2  
  117  8:02  Marine x2  
  117  8:03  Supply Depot  
  117  8:04  SCV x2  
  125  8:11  Missile Turret, SCV  
  119  8:16  Widow Mine, SCV x2  
  123  8:23  Ghost, SCV  
  123  8:25  Ghost  
  128  8:28  Ghost  
  128  8:30  Marine x2  
  128  8:31  Marine  
  131  8:35  SCV x2  
  131  8:36  SCV  
  133  8:47  SCV  
  133  8:48  Marine x2, SCV  
  133  8:49  Widow Mine, SCV  
  133  8:52  Marauder  
  133  8:55  Marauder  
  139  8:57  Marauder  
  139  9:00  SCV x2  
  140  9:06  SCV  
  129  9:12  SCV  
  129  9:13  Ghost, Marine  
  129  9:14  Marine x3  
  129  9:15  Ghost  
  132  9:18  Ghost  
  132  9:19  SCV x2  
  132  9:22  Refinery  
  132  9:24  SCV  
  133  9:25  Command Center  
  132  9:31  Marine x2  
  132  9:32  Marine  
  132  9:33  Marine, Widow Mine  
  132  9:39  Widow Mine  
  132  9:42  Marauder  
  132  9:45  Marauder  
  138  9:46  Medivac  
  138  9:47  Refinery  
  138  9:49  Marine  
  138  9:51  Marauder, Medivac, Marine  
  146  9:54  Widow Mine  
  146  9:55  Armory, Engineering Bay  
  148  10:02  Marine  
  148  10:04  Marine  
  148  10:06  Marauder  
  149  10:08  Marauder  
  149  10:09  Marine x2  
  149  10:11  Widow Mine  
  149  10:19  Marine  
  149  10:20  Widow Mine  
  149  10:22  Marine  
  149  10:32  Marauder, Sensor Tower, SCV x2, Medivac x2  
  157  10:36  SCV, Marine x2  
  157  10:37  Marauder x2, Widow Mine  
  166  10:45  Widow Mine, Marine  
  169  10:50  SCV x2  
  171  10:57  Marauder  
  171  10:58  Marine, Widow Mine  
  171  10:59  Marauder x2, Marine  

Tags
 
Add a new tag
Caveats
  • Supply blocks, unpowered buildings, or Contaminate may cause inaccurate times.
  • Supply counts are checked every 10 seconds.